 Dungeon Crawl Stone Soup version 0.27-a0-263-gc8dee61f84 (webtiles) character file.

Game seed: 5064713088252803657

35 knot the Chopper (level 3, 24/29 HPs)
             Began as a Demonspawn Berserker on Feb 5, 2021.
             Was a Follower of Trog.
             Quit the game on level 2 of the Dungeon.
             The game lasted 00:00:39 (1456 turns).

knot the Chopper (Demonspawn Berserker)             Turns: 1456, Time: 00:00:40

Health: 24/29      AC:  6    Str: 17    XL:     3   Next: 17%
Magic:  3/3        EV: 10    Int:  9    God:    Trog [*.....]
Gold:   55         SH:  4    Dex: 12    Spells: 2/2 levels left

rFire    . . .     SeeInvis .   a - +0 hand axe
rCold    . . .     Faith    .   (no shield)
rNeg     . . .     Spirit   .   h - +0 scale mail (curse)
rPois    .         Reflect  .   (helmet restricted)
rElec    .         Harm     .   (no cloak)
rCorr    .         Rampage  .   (no gloves)
Will     .....                  (no boots)
Stlth    ..........             (no amulet)
HPRegen  0.09/turn              (no ring)
MPRegen  0.08/turn              (no ring)

@: mildly poisoned (24 -> 19)
A: horns 1, condensation shield
a: Renounce Religion, Berserk


You were on level 2 of the Dungeon.
You worshipped Trog.
Trog was aware of your devotion.
You visited 1 branch of the dungeon, and saw 2 of its levels.

You collected 55 gold pieces.

Inventory:

Hand Weapons
 a - a +0 hand axe (weapon)
Missiles
 g - 58 stones
Armour
 b - a +0 animal skin
 h - a cursed +0 scale mail (worn)
Jewellery
 f - an uncursed ring of poison resistance {unknown}
Scrolls
 d - a scroll of amnesia {unknown}
 i - a scroll of fear {unknown}
Potions
 c - a potion of curing {unknown}
 e - a potion of might {unknown}


   Skills:
 - Level 3.0 Fighting
 + Level 3.9 Axes
 - Level 1.7 Armour
 - Level 1.7 Dodging


You had 2 spell levels left.
You didn't know any spells.
Your spell library was empty.

Dungeon Overview and Level Annotations

Branches:
Dungeon (2/15)

Altars:


Innate Abilities, Weirdness & Mutations

You have a pair of small horns on your head.
A meltable shield of frost defends you. (SH +4)


Message History

The adder is almost dead.
The adder barely misses you.
You miss the adder.
The adder is almost dead.
The adder completely misses you. The adder bites you.
You are poisoned.
The adder poisons you!
You closely miss the adder.
The adder is almost dead.
You feel sick. The adder bites you but does no damage.
You hit the adder.
You kill the adder!
Trog accepts your kill.
You feel sick.
You have reached level 3!
Your experience leads to an increase in your attributes!
Increase (S)trength, (I)ntelligence, or (D)exterity?
You feel clever.
Your demonic ancestry asserts itself...
Frost condenses into a shield before you.
Are you sure you want to abandon this character and quit the game? (Confirm with "yes".)

#.. ..#### .... .....
#..#####..#####+##
#..#......##......
#..#.#.#..##......
#..#......##...... ###
#..#.#.#..##......
.....##......#......#...
#..†@.#.#.#..###.#..#
#.......................
####.##..#.#.#..##.....#
.. .................. ##
##........[........
.<##.#.###....#.##
...............#.## ##..
.........<....
..###....#.##


There were no monsters in sight!

Vanquished Creatures
  2 adders (D:2)
  3 goblins
  5 hobgoblins
  2 bats (D:1)
  A frilled lizard (D:2)
  2 kobolds (D:1)
  3 rats
18 creatures vanquished.

Notes
Turn   | Place    | Note
-------+----------+-------------------------------------------
     0 | D:1      | knot the Demonspawn Berserker began the quest for the Orb.
     0 | D:1      | Reached XP level 1. HP: 18/18 MP: 1/1
   812 | D:1      | Gained mutation: You have a pair of small horns on your
                  | head. [demonic ancestry]
   812 | D:1      | Reached XP level 2. HP: 18/24 MP: 2/2
  1456 | D:2      | Gained mutation: A meltable shield of frost defends you.
                  | (SH +4) [demonic ancestry]
  1456 | D:2      | Reached XP level 3. HP: 24/29 MP: 3/3
  1456 | D:2      | Quit the game

Illustrated notes

Levels and vault maps discovered:
D:1:      dpeg_arrival_orchard, layout_loops_corners, minmay_heptomino_h4
D:2:      layout_basic

Skill      XL: |  1 |
---------------+----+-----
Axes           | 3 |  3.9
Fighting       | |  3.0
Armour         | |  1.7
Dodging        | |  1.7

Action                   || total
-------------------------++-------
Melee: Hand axe          ||    71
       Headbutt          ||     6
Invok: Berserk           ||     1
 Stab: Sleeping          ||     1
Armor: Animal skin       ||    13
       Scale mail        ||     9
Dodge: Dodged            ||    49

Table legend: (Time is in decaauts)
 A = Elapsed time spent in this place.
 B = Non-inter-level travel time spent in this place.
 C = Inter-level travel time spent in this place.
 D = Time resting spent in this place.
 E = Time spent auto-exploring this place.
 F = Levels seen in this place.
 G = Mean time per level.
                   A        B        C        D        E       F      G
               +--------+--------+--------+--------+--------+-----+--------+
         Total |   1473 |   1449 |     24 |    281 |   1017 |   2 |  736.5 |
       Dungeon |   1473 |   1449 |     24 |    281 |   1017 |   2 |  736.5 |
               +--------+--------+--------+--------+--------+-----+--------+

Top non-repeatable levels by time:
     D:1: 1172 daAuts
     D:2: 301 daAuts
